 Dungeon Crawl Stone Soup version 0.30-a0-377-g5cb311bc9f (webtiles) character file.

Game seed: 6749789726552589461

473 SmokeWeed the Sneak (level 6, 0/30 HPs)
             Began as a Spriggan Brigand on Nov 30, 2022.
             Killed by divine providence
             ... invoked by an orc priest
              (10 damage)
             ... on level 6 of the Dungeon.
             The game lasted 00:24:42 (4817 turns).

SmokeWeed the Sneak (Spriggan Brigand)              Turns: 4817, Time: 00:24:43

Health: 0/30       AC:  4    Str:  7    XL:     6   Next: 83%
Magic:  10/10      EV: 18    Int: 13    God:
Gold:   345        SH:  0    Dex: 18    Spells: 6/9 levels left

rFire   . . .      SeeInvis +    y - +1 sling (vorpal)
rCold   . . .      Faith    .    (no shield)
rNeg    . . .      Spirit   .    b - +0 robe
rPois   .          Reflect  .    (helmet restricted)
rElec   .          Harm     .    c - +1 cloak
rCorr   .          Rampage  .    (gloves unavailable)
Will    +++..                    (boots unavailable)
Stlth   ++++......               (no amulet)
HPRegen 0.25/turn                k - ring of willpower
MPRegen 0.12/turn                s - ring of willpower

@: very quick
A: very small, no large weapons, unfitting armour, see invisible, speed 3
a: no special abilities


You were on level 6 of the Dungeon.
You visited 1 branch of the dungeon, and saw 6 of its levels.

You collected 384 gold pieces.
You spent 39 gold pieces at shops.

Inventory:

Hand Weapons
 a - a +2 dagger
 o - a +0 short sword
 x - a +0 rapier
 y - a +1 vorpal sling (weapon)
Missiles
 d - 4 datura-tipped darts
Armour
 b - a +0 robe (worn)
 c - a +1 cloak (worn)
Magical Staves
 z - a staff of poison
 A - a staff of conjuration
Jewellery
 k - a ring of willpower (left hand)
 s - a ring of willpower (right hand)
 B - a ring of protection from fire
Wands
 p - a wand of digging (5)
Scrolls
 e - a scroll of identify
 h - a scroll of amnesia
Potions
 f - 2 potions of cancellation
 g - a potion of attraction {unknown}
 i - 2 potions of brilliance
 j - 2 potions of ambrosia
 l - 2 potions of degeneration {unknown}
 m - 2 potions of resistance
 n - 4 potions of curing
 q - a potion of heal wounds {unknown}
 r - a potion of mutation {unknown}
 t - 2 potions of invisibility {unknown}
 u - a potion of lignification {unknown}
 v - a potion of berserk rage {unknown}
 w - a potion of flight {unknown}


   Skills:
 + Level 2.2 Fighting
 + Level 3.9 Short Blades
 + Level 0.4 Ranged Weapons
 + Level 3.7 Throwing
 + Level 3.1 Dodging
 + Level 7.8 Stealth
 * Level 2.4 Spellcasting
 * Level 3.1 Translocations


You had 6 spell levels left.
You knew the following spells:

 Your Spells              Type           Power      Damage    Failure   Level
a - Blink                 Tloc           18%        N/A       10%         2
b - Apportation           Tloc           18%        N/A       7%          1

Your spell library contained the following spells:

 Spells                   Type           Power      Damage    Failure   Level
 Summon Small Mammal      Summ           4%         N/A       24%         1
 Manifold Assault         Tloc           9%         N/A       54%         4
 Call Canine Familiar     Summ           1%         N/A       58%         3
 Summon Guardian Golem    Hex/Summ       1%         N/A       58%         3
 Animate Armour           Summ/Erth      2%         N/A       94%         4
 Animate Dead             Necr           1%         N/A       94%         4
 Sticky Flame             Conj/Fire      1%         2d3       94%         4
 Borgnjor's Vile Clutch   Necr/Erth      0%         N/A       100%        5
 Fireball                 Conj/Fire      0%         3d3       100%        5
 Death Channel            Necr           0%         N/A       100%        6
 Spellforged Servitor     Conj/Summ      0%         N/A       100%        7
 Storm Form               Tmut/Air       0%         N/A       100%        7


Dungeon Overview and Level Annotations

Branches:
Dungeon (6/15)
 Temple: D:4-7

Altars:
Ashenzari
Kikubaaqudgha
Ru
Sif Muna
Vehumet

Shops:
D:4 (


Innate Abilities, Weirdness & Mutations

You are very small and have problems with some larger weapons.
You are too small for most types of armour.
You have supernaturally acute eyesight. (SInv)
You cover ground extremely quickly. (Speed+++)


Message History

You shoot a sling bullet. The sling bullet hits the orc wizard.
You kill the orc wizard!
The orc hits you with a +0 dagger.
You shoot a sling bullet.
The sling bullet hits the orc but does no damage.
The orc hits you but does no damage. The orc closely misses you.
You shoot a sling bullet. The sling bullet hits the orc.
The orc is moderately wounded.
The orc closely misses you.
You shoot a sling bullet. The sling bullet barely misses the orc.
The orc hits you but does no damage.
You shoot a sling bullet. The sling bullet hits the orc.
The orc is heavily wounded.
A white imp comes into view.
The orc hits you with a +0 dagger. The orc misses you.
The orc hits you but does no damage. The orc hits you with a +0 club.
The orc priest misses you.
You shoot a sling bullet. The sling bullet barely misses the orc.
The orc priest casts a cantrip, but nothing happens.
The orc closely misses you. The orc hits you with a +0 club.
You shoot a sling bullet. The sling bullet hits the orc.
You kill the orc!
The orc priest closely misses you. The orc barely misses you.
The orc priest barely misses you. The orc hits you but does no damage.
The white imp gestures at you. The puff of frost hits you!
You are too injured to fight recklessly!
You are too injured to fight recklessly!
You are too injured to fight recklessly!
You are too injured to fight recklessly!
You are too injured to fight recklessly!
Unknown command.
The orc hits you with a +0 club.
* * * LOW HITPOINT WARNING * * *
The white imp gestures at you. The puff of frost misses you.
There is an escape hatch in the ceiling here.
The orc priest invokes the aid of Beogh against you.
Beogh smites you!
You die...

### ### #.# #.# #.# ## # ###
#.# ##.###.# # #.##
##.###.#...# ####..#
##.....@##.##
......####..####.##.######.#
.......##..## ##o#.........
...###....## #5.....###..
.### ##..## ##.o.###
.######..## #..))#
..........## #...).#
..###)<....# #.####... .##
##..##......# ##..


You could see an orc priest, a white imp and an orc.

Vanquished Creatures
  A necrophage (D:4)
  An orc priest (D:6)
  2 hounds (D:5)
  2 iguanas
  5 orc wizards
  A gnoll (D:1)
  3 adders
  A shadow imp (D:6)
  A white imp (D:5)
  2 worms
  A dart slug (D:2)
  11 orcs
  6 ball pythons
  7 bats
  3 endoplasms
  3 giant cockroaches
  5 hobgoblins
  6 jackals (D:2)
  2 quokkas
  4 frilled lizards
  6 goblins
  7 kobolds
  7 rats
87 creatures vanquished.

Vanquished Creatures (collateral kills)
  3 orcs (D:5)
3 creatures vanquished.

Vanquished Creatures (others)
  4 plants (D:3)
4 creatures vanquished.

Grand Total: 94 creatures vanquished

Notes
Turn   | Place    | Note
-------+----------+-------------------------------------------
     0 | D:1      | SmokeWeed the Spriggan Brigand began the quest for the Orb.
     0 | D:1      | Reached XP level 1. HP: 10/10 MP: 2/2
   221 | D:1      | Reached skill level 6 in Stealth
   221 | D:1      | Reached XP level 2. HP: 12/14 MP: 3/3
   536 | D:1      | Found a faded altar of an unknown god.
   726 | D:2      | Reached XP level 3. HP: 18/18 MP: 4/4
   891 | D:2      | Learned a level 2 spell: Blink
  1325 | D:2      | Reached XP level 4. HP: 23/23 MP: 5/5
  1672 | D:3      | Got the Secrets of Outbursts and Terrain
  1893 | D:3      | Found a broken altar of Ashenzari.
  1953 | D:3      | Found a sacrificial altar of Ru.
  2413 | D:4      | Found Metse's Weapon Boutique.
  2440 | D:4      | Reached skill level 1 in Translocations
  2440 | D:4      | Reached XP level 5. HP: 26/26 MP: 5/7
  2602 | D:4      | Found a shimmering blue altar of Sif Muna.
  2602 | D:4      | Found an ancient bone altar of Kikubaaqudgha.
  2604 | D:4      | Found a radiant altar of Vehumet.
  2609 | D:4      | Got Sif Muna's Teachings on Shifting
  2612 | D:4      | Learned a level 1 spell: Apportation
  2654 | D:4      | Reached skill level 7 in Stealth
  2654 | D:4      | Reached skill level 1 in Spellcasting
  3182 | D:5      | Entered Level 5 of the Dungeon
  3532 | D:5      | Reached XP level 6. HP: 25/30 MP: 9/9
  3927 | D:4      | Bought 6 datura-tipped darts for 26 gold pieces
  3927 | D:4      | Bought 3 poisoned darts for 13 gold pieces
  4817 | D:6      | Killed from afar by an orc priest

Illustrated notes

Levels and vault maps discovered:
D:1:      psy_arrival_statuary, layout_loops_ring,
          hellmonk_ecumenical_altar_inner_sanctum, chequers_serial_rivers_marsh,
          minmay_liquid_box
D:2:      layout_loops_cross, minmay_heptomino_w4
D:3:      layout_basic, mainiacjoe_overflow_boulevard, lemuel_round_altar,
          chequers_serial_rivers_room_b, hangedman_decor_push
D:4:      layout_basic, grunt_temple_overflow_magic_moments, serial_shops,
          nicolae_shop_statue_plus
D:5:      layout_gridville, nicolae_overflow_hidden_temple
D:6:      cheibrodos_iron_armory, layout_layer_cave

Skill      XL: |  1  2  3  4  5  6 |
---------------+-------------------+-----
Stealth        | 6 7 |  7.8
Short Blades   | 3 |  3.9
Dodging        | 2 3 |  3.1
Fighting       | 2 |  2.2
Throwing       | 3 |  3.7
Translocations | 1 2 3 |  3.1
Spellcasting   | 1 2 |  2.4
Ranged Weapons | |  0.4

Action                   |  1- 3 |  4- 6 || total
-------------------------+-------+-------++-------
Melee: Dagger            |    82 |   166 ||   248
       Punch             |     1 |     1 ||     2
 Fire: Sling             |       |    28 ||    28
Throw: Dart              |    58 |    46 ||   104
       Throwing net      |       |     2 ||     2
  Use: Scroll            |       |    11 ||    11
 Stab: Sleeping          |     9 |    10 ||    19
       Held in net/web   |       |     2 ||     2
Armor: Robe              |    15 |    30 ||    45
Dodge: Dodged            |    76 |   150 ||   226

Table legend: (Time is in decaauts)
 A = Elapsed time spent in this place.
 B = Non-inter-level travel time spent in this place.
 C = Inter-level travel time spent in this place.
 D = Time resting spent in this place.
 E = Time spent auto-exploring this place.
 F = Levels seen in this place.
 G = Mean time per level.
                   A        B        C        D        E       F      G
               +--------+--------+--------+--------+--------+-----+--------+
         Total |   3368 |   3200 |    168 |    574 |   1751 |   6 |  561.3 |
       Dungeon |   3368 |   3200 |    168 |    574 |   1751 |   6 |  561.3 |
               +--------+--------+--------+--------+--------+-----+--------+

Top non-repeatable levels by time:
     D:4: 797 daAuts
     D:5: 741 daAuts
     D:2: 593 daAuts
     D:3: 483 daAuts
     D:1: 464 daAuts
     D:6: 288 daAuts
